 Dungeon Crawl Stone Soup version 0.21.1-1-g345015f (webtiles) character file.

2198 Hasart the Summoner (level 9, -3/45 HPs)
             Began as a Kobold Summoner on Mar 31, 2018.
             Was a Follower of Sif Muna.
             Shot with an arrow by a centaur (10 damage)
             ... on level 8 of the Dungeon.
             The game lasted 00:29:30 (11474 turns).

Hasart the Summoner (Kobold Summoner)              Turns: 11474, Time: 00:29:30

Health: -3/45      AC:  5    Str:  6    XL:     9   Next: 60%
Magic:  15/17      EV: 21    Int: 19    God:    Sif Muna [*.....]
Gold:   379        SH:  0    Dex: 15    Spells: 8/19 levels left

rFire    . . .     SeeInvis .   s - +1 dagger (venom)
rCold    . . .     Gourm    .   (shield restricted)
rNeg     . . .     Faith    .   a - +0 robe
rPois    .         Spirit   .   F - +0 helmet
rElec    .         Reflect  .   (no cloak)
rCorr    .         Harm     .   (no gloves)
MR       .....                  i - +1 pair of boots
Stlth    ++........             (no amulet)
HPRegen  0.15/turn              r - +2 ring of evasion
MPRegen  0.15/turn              (no ring)

@: no status effects
A: small, carnivore
a: Divine Energy, Renounce Religion


You were on level 8 of the Dungeon.
You worshipped Sif Muna.
Sif Muna was aware of your devotion.
You were very full.

You visited 2 branches of the dungeon, and saw 9 of its levels.

You collected 379 gold pieces.

Inventory:

Hand Weapons
 s - a +1 dagger of venom (weapon)
Armour
 a - a +0 robe (worn)
 i - a +1 pair of boots (worn)
 F - a +0 helmet (worn)
Magical Staves
 q - an uncursed staff of conjuration
Jewellery
 r - a +2 ring of evasion (left hand)
Wands
 k - a wand of paralysis (15)
 C - a wand of disintegration (10)
Scrolls
 h - 4 scrolls of amnesia
 l - 7 scrolls of identify
 t - 2 scrolls of enchant weapon {unknown}
 u - 7 scrolls of teleportation
 w - a scroll of enchant armour
 x - a scroll of fear
 y - a scroll of noise {unknown}
 A - 3 scrolls of torment {unknown}
 D - 2 scrolls of remove curse
Potions
 d - a potion of cancellation
 e - a potion of brilliance {unknown}
 f - 2 potions of heal wounds {unknown}
 g - 4 potions of might {unknown}
 j - a potion of curing {unknown}
 m - a potion of agility {unknown}
 n - a potion of haste {unknown}
 o - 2 potions of resistance {unknown}
 v - a potion of magic {unknown}
 B - 2 potions of lignification {unknown}
 E - a potion of mutation {unknown}
Books
 b - a book of Callings

   Spells                             Type                      Level
   a - Summon Small Mammal            Summoning                    1
   b - Call Imp                       Summoning                    2
   c - Call Canine Familiar           Summoning                    3
   d - Summon Guardian Golem          Hexes/Summoning              3
   e - Summon Lightning Spire         Summoning/Air                4
   f - Summon Ice Beast               Ice/Summoning                4
 p - a book of Conjurations

   Spells                             Type                      Level
   a - Magic Dart                     Conjuration                  1
   b - Searing Ray                    Conjuration                  2
   c - Dazzling Spray                 Conjuration/Hexes            3
   d - Fulminant Prism                Conjuration/Hexes            4
   e - Force Lance                    Conjuration/Translocation    4
   f - Iskenderun's Mystic Blast      Conjuration                  4
 z - a book of Misfortune

   Spells                             Type                      Level
   a - Confusing Touch                Hexes                        1
   b - Confuse                        Hexes                        3
   c - Gell's Gravitas                Translocation                3
   d - Petrify                        Transmutation/Earth          4
   e - Metabolic Englaciation         Hexes/Ice                    5
   f - Yara's Violent Unravelling     Hexes/Transmutation          5
 G - a book of Changes

   Spells                             Type                      Level
   a - Beastly Appendage              Transmutation                1
   b - Sticks to Snakes               Transmutation                2
   c - Spider Form                    Transmutation/Poison         3
   d - Ice Form                       Ice/Transmutation            4
   e - Blade Hands                    Transmutation                5
Comestibles
 c - 14 rations


   Skills:
 - Level 4.0 Short Blades
 + Level 6.7 Dodging
 - Level 2.6 Stealth
 + Level 5.6 Spellcasting
 * Level 8.6 Summonings
 + Level 4.6 Air Magic


You had 8 spell levels left.
You knew the following spells:

 Your Spells              Type           Power        Failure   Level  Hunger
a - Summon Lightning Spi  Summ/Air       ####....     8%          4    ####...
b - Call Canine Familiar  Summ           #####...     1%          3    ##.....
c - Summon Ice Beast      Ice/Summ       ###.....     19%         4    ####...


Dungeon Overview and Level Annotations

Branches:
Dungeon (8/15)             Temple (1/1) D:7
   Lair: D:8-11

Altars:
Ashenzari
Cheibriados
Dithmenos
Elyvilon
Fedhas
Gozag
Hepliaklqana
Kikubaaqudgha
Makhleb
Nemelex Xobeh
Okawaru
Qazlal
Ru
Sif Muna
Trog
Uskayaw
Vehumet
Wu Jian
Yredelemnul
The Shining One


Innate Abilities, Weirdness & Mutations

You are small and have problems with some larger weapons.
You are carnivorous and can eat meat at any time.


Message History

Orders for allies: a - Attack new target. r - Retreat! s - Stop attacking. g - Guard the area. f - Follow me.
Anything else - Cancel.
Gang up on whom?
Press: ? - help, Dir - move target cursor, f - centaur
Aim: a centaur, wielding a shortbow Attack!
Your wolf bites the centaur.
The teleport trap disappears.
The sky beast disappears!
The centaur shoots an arrow.
The arrow barely misses your wolf. The arrow hits you!
* * * LOW HITPOINT WARNING * * *
Your wolf bites the centaur!
Your wolf closely misses the centaur.
The centaur shoots an arrow.
The arrow closely misses your wolf. The arrow hits you.
* * * LOW HITPOINT WARNING * * *
You see here 2 arrows.
Unknown command.
Your wolf closely misses the centaur.
The centaur shoots an arrow.
The arrow closely misses your wolf. The arrow hits you!
You die...

##.......[..
#...........
#[.c.........
#..h.........
#..(.......# .###.
#..........###......
##.((...............
##.(..........##.#..
#..@.......# ......#
#..........# .....#.
#..........##.###...
#..........##.......
#..........#..###...
##.......<##.# ##..
##..........# ###
##........#####...
#...[..........##


You could see a centaur and a friendly wolf.

Vanquished Creatures
  A hungry ghost (D:7)
  A sky beast (D:6)
  An ice beast (D:8)
  A black bear (D:8)
  2 orc warriors (D:7)
  A big kobold (D:7)
  2 bullfrogs (D:6)
  A gnoll sergeant (D:6)
  2 bullfrog zombies
  5 hounds
  A bullfrog skeleton (D:6)
  A jelly (D:6)
  A centaur skeleton (D:7)
  An iguana (D:7)
  4 worker ants
  A hound zombie (D:7)
  4 gnolls
  5 adders
  An adder zombie (D:5)
  3 adder skeletons
  2 dart slugs (D:2)
  A leopard gecko (D:3)
  11 orcs
  2 bat zombies (D:5)
  3 giant cockroaches
  6 hobgoblins
  3 jackals (D:4)
  4 quokkas
  3 bats
  4 frilled lizards
  3 goblins
  7 kobolds
  A quokka skeleton (D:6)
  A quokka zombie (D:5)
  10 rats
100 creatures vanquished.

Vanquished Creatures (collateral kills)
  A hippogriff (D:7)
  An orc warrior (D:8)
  An ice beast (D:7)
  A sky beast (D:5)
  A necrophage (D:5)
  3 ogres
  A crocodile (D:8)
  3 howler monkeys (D:7)
  A bullfrog zombie (D:6)
  2 crimson imps
  A hound (D:7)
  3 gnoll shamans
  3 orc wizards
  2 worker ants (D:4)
  5 adders
  11 gnolls
  A shadow imp (D:4)
  2 worms
  2 leopard geckos
  9 orcs
  2 giant cockroaches
  3 goblins (D:1)
  2 hobgoblins
  3 quokkas
  A bat (D:1)
  3 frilled lizards
  A jackal zombie (D:7)
  4 kobolds
  A leopard gecko skeleton (D:4)
  3 rats
  A rat zombie (D:5)
78 creatures vanquished.

Grand Total: 178 creatures vanquished

Notes
Turn   | Place    | Note
-------+----------+-------------------------------------------
     0 | D:1      | Hasart the Kobold Summoner began the quest for the Orb.
     0 | D:1      | Reached XP level 1. HP: 10/10 MP: 3/3
   260 | D:1      | Reached XP level 2. HP: 15/15 MP: 1/5
  1452 | D:1      | Reached XP level 3. HP: 19/19 MP: 6/6
  1754 | D:2      | Reached skill level 1 in Short Blades
  1875 | D:2      | Learned a level 3 spell: Call Canine Familiar
  2174 | D:2      | Reached XP level 4. HP: 24/24 MP: 8/8
  2878 | D:2      | Found a bloodstained altar of Trog.
  3017 | D:3      | Found a blossoming altar of Fedhas.
  3030 | D:3      | Found a sacrificial altar of Ru.
  3846 | D:3      | Reached XP level 5. HP: 28/28 MP: 9/9
  4092 | D:4      | Learned a level 4 spell: Summon Lightning Spire
  4316 | D:4      | Reached skill level 5 in Summonings
  5135 | D:5      | Entered Level 5 of the Dungeon
  5193 | D:5      | Noticed a necrophage
  5209 | D:5      | Killed a necrophage
  5209 | D:5      | Reached skill level 1 in Air Magic
  5209 | D:5      | Reached XP level 6. HP: 32/32 MP: 4/10
  6354 | D:5      | Noticed a sky beast
  6619 | D:5      | Killed a sky beast
  6619 | D:5      | Reached XP level 7. HP: 29/36 MP: 9/12
  6889 | D:5      | Found an ancient bone altar of Kikubaaqudgha.
  6995 | D:5      | Found a shattered altar of Ashenzari.
  7059 | D:5      | Reached skill level 6 in Summonings
  7649 | D:6      | Reached XP level 8. HP: 19/41 MP: 14/14
  7850 | D:6      | Found a hazy altar of Hepliaklqana.
  8166 | D:6      | Reached skill level 5 in Dodging
  8167 | D:6      | Found an opulent altar of Gozag.
  8352 | D:6      | Found a shadowy altar of Dithmenos.
  8435 | D:6      | Found a basalt altar of Yredelemnul.
  8436 | D:6      | Found a hide-covered altar of Uskayaw.
  8679 | D:7      | Reached skill level 7 in Summonings
  8929 | D:7      | Found a radiant altar of Vehumet.
  9395 | D:7      | Reached XP level 9. HP: 29/45 MP: 12/16
  9611 | D:7      | Reached skill level 5 in Spellcasting
  9616 | D:7      | Found a staircase to the Ecumenical Temple.
  9623 | Temple   | Entered the Ecumenical Temple
  9779 | Temple   | Became a worshipper of Sif Muna the Loreminder
 10204 | D:7      | Noticed a hippogriff
 10233 | D:7      | Killed a hippogriff
 10233 | D:7      | Reached skill level 8 in Summonings
 11090 | D:8      | Learned a level 4 spell: Summon Ice Beast
 11274 | D:8      | Reached * piety under Sif Muna
 11474 | D:8      | Shot with an arrow by a centaur

Skill      XL: |  1  2  3  4  5  6  7  8  9 |
---------------+----------------------------+-----
Short Blades   | 1 2 3 4 |  4.0
Dodging        | 3 4 5 6 |  6.7
Spellcasting   | 3 4 5 |  5.6
Summonings     | 5 6 7 8 |  8.6
Air Magic      | 1 2 3 4 |  4.6
Stealth        | |  2.6

Action                   |  1- 3 |  4- 6 |  7- 9 || total
-------------------------+-------+-------+-------++-------
Melee: Club              |    12 |       |       ||    12
       Unarmed           |     3 |       |       ||     3
       Dagger            |   104 |    50 |   400 ||   554
       Quarterstaff      |       |   127 |       ||   127
 Cast: Summon Small Mamm |    21 |       |       ||    21
       Call Canine Famil |     3 |    36 |    23 ||    62
       Summon Lightning  |       |     1 |     4 ||     5
  Use: Scroll            |       |     7 |       ||     7
 Stab: Sleeping          |     9 |     6 |     4 ||    19
       Distracted        |     1 |     3 |     4 ||     8
  Eat: Chunk             |    13 |    16 |    24 ||    53
Armor: Robe              |    21 |    32 |    31 ||    84
Dodge: Dodged            |   122 |   197 |   320 ||   639
